 Dungeon Crawl Stone Soup version 0.20-a0-739-g6bb112f (webtiles) character file.

284 Gorglomux the Shooter (level 6, 0/52 HPs)
             Began as a Centaur Hunter on Feb 24, 2017.
             Killed from afar by an orc wizard (9 damage)
             ... with a magic dart
             ... on level 3 of the Dungeon.
             The game lasted 00:07:22 (3795 turns).

Gorglomux the Shooter (Centaur Hunter)              Turns: 3795, Time: 00:07:24

Health: 0/52       AC:  5    Str: 15    XL:     6   Next: 7%
Magic:  6/6        EV:  9    Int: 10    God:
Gold:   139        SH:  0    Dex: 11    Spells: 5/5 levels left

rFire    . . .     SeeInvis .   a - +1 halberd (chop)
rCold    . . .     Gourm    .   c - +0 leather armour
rNeg     . . .     Faith    .   (shield currently unavailable)
rPois    .         Spirit   .   (no helmet)
rElec    .         Reflect  .   m - +0 cloak (curse)
rCorr    .         Harm     .   (no gloves)
MR       .....                  (no barding)
Stlth    ..........             (no amulet)
Regen    0.2/turn               (no ring)
MPRegen  0.1/turn               (no ring)

@: confused, very quick
A: hooves 3, deformed body, speed 2, tough skin 3
a: no special abilities


You were on level 3 of the Dungeon.
You were not hungry.

You visited 1 branch of the dungeon, and saw 3 of its levels.

You collected 139 gold pieces.

Inventory:

Hand Weapons
 a - a +1 halberd of chopping (weapon)
 b - a +0 short sword
 u - a +0 rapier
 F - a +0 short sword of speed
 J - a +1 shortbow
 K - a +1 whip of draining
Missiles
 d - 20 arrows
 h - 108 stones (quivered)
 p - 41 bolts
Armour
 c - a +0 leather armour (worn)
 m - a cursed +0 cloak (worn)
Jewellery
 H - an uncursed ring of resist corrosion {unknown}
Wands
 C - a wand of confusion (19/48)
Scrolls
 i - 2 scrolls of amnesia {unknown}
 k - 3 scrolls of identify {unknown}
 n - a scroll of enchant armour {unknown}
 o - 2 scrolls of remove curse {unknown}
 r - a scroll of teleportation {unknown}
 t - a scroll of recharging {unknown}
Potions
 l - a potion of heal wounds {unknown}
 q - a potion of brilliance {unknown}
 D - a potion of agility
 I - a potion of haste {unknown}
Comestibles
 f - 2 bread rations
 g - 5 fruits
 L - 4 chunks of flesh


   Skills:
 - Level 4.0 Fighting
 + Level 3.0 Polearms
 - Level 7.0 Bows
 - Level 1.3 Dodging
 - Level 0.4 Stealth


You had 5 spell levels left.
You didn't know any spells.

Dungeon Overview and Level Annotations

Branches:
Dungeon (3/15)

Altars:
Dithmenos
Hepliaklqana


Innate Abilities, Weirdness & Mutations

You have hooves in place of feet.
Armour fits poorly on your strangely shaped body.
You cover ground very quickly.
You have extremely tough skin. (AC +3)


Message History

The orc throws a stone.
The stone hits you.
* * * LOW HITPOINT WARNING * * *
You see here a stone.
You bump into the rock wall.
A magic dart appears from out of thin air!
The magic dart hits you!
* * * LOW HITPOINT WARNING * * *
The orc throws a stone.
You bump into the rock wall.
You feel less confused.
You hear some strange, mumbled words.
A puff of flame appears from out of thin air!
The puff of flame misses you.
Unknown command.
You are confused.
You bump into the rock wall.
You bump into the rock wall.
A magic dart appears from out of thin air!
The magic dart hits you!
You die...

#.# ... #.# #...
...##.# #.... ..##.#
#.... ..##.#
###...##.##.#
#........##.#
#........##.########
#.............@.....#
##.
#...#..###.#####o#
....#......#
#.#...#(# #.......##
#.#.#..o# #.......#
#.#...#.######.#
#####)###
#.##รท##o..g.....
##.##
#......(######..
#...# #.......# #...#
#.......#


You could see an orc.

Vanquished Creatures
  An iguana (D:3)
  Ijyb (D:2)
  4 orc wizards (D:3)
  A worker ant zombie (D:3)
  2 adders
  3 worms
  4 dart slugs
  3 leopard geckos
  13 orcs
  A ball python (D:1)
  5 giant cockroaches
  3 goblins
  4 hobgoblins
  6 jackals (D:2)
  5 kobolds
  A quokka (D:2)
  7 bats
  A frilled lizard (D:2)
  6 rats
71 creatures vanquished.

Notes
Turn   | Place    | Note
-------+----------+-------------------------------------------
     0 | D:1      | Gorglomux the Centaur Hunter began the quest for the Orb.
     0 | D:1      | Reached XP level 1. HP: 17/17 MP: 1/1
     2 | D:1      | Noticed a centaur
     2 | D:1      | Noticed an elf
     4 | D:1      | Noticed a formicid
     4 | D:1      | Noticed a vine stalker
     6 | D:1      | Noticed an ogre
     6 | D:1      | Noticed a tengu
     8 | D:1      | Noticed a minotaur
     8 | D:1      | Noticed a felid
    12 | D:1      | Noticed a gargoyle
    12 | D:1      | Noticed a troll
    14 | D:1      | Noticed a draconian
    14 | D:1      | Noticed a dwarf
    18 | D:1      | Noticed a vampire
    18 | D:1      | Noticed a demigod
    20 | D:1      | Noticed a naga
    20 | D:1      | Noticed a ghoul
    22 | D:1      | Noticed a human
    22 | D:1      | Noticed an octopode
    24 | D:1      | Noticed a demonspawn
    24 | D:1      | Noticed a merfolk
    26 | D:1      | Noticed a halfling
    26 | D:1      | Noticed a spriggan
   339 | D:1      | Reached XP level 2. HP: 12/25 MP: 2/2
   753 | D:1      | Reached skill level 3 in Fighting
  1719 | D:2      | Reached XP level 3. HP: 13/33 MP: 3/3
  2683 | D:2      | Found a hazy altar of Hepliaklqana.
  2740 | D:3      | Found a shadowy altar of Dithmenos.
  2740 | D:3      | Noticed Ijyb
  2769 | D:2      | Killed Ijyb
  2769 | D:2      | Reached skill level 6 in Bows
  2769 | D:2      | Reached XP level 4. HP: 14/40 MP: 4/4
  3112 | D:3      | Reached skill level 7 in Bows
  3112 | D:3      | Reached XP level 5. HP: 25/46 MP: 5/5
  3168 | D:3      | Reached skill level 1 in Polearms
  3759 | D:3      | Reached XP level 6. HP: 43/52 MP: 6/6
  3762 | D:3      | Reached skill level 3 in Polearms
  3795 | D:3      | Killed from afar by an orc wizard

Vault maps used:
D:1:      kb_arrival_jail, nrook_loot_triangle
D:2:      lemuel_crystal_altar, kennysheep_nondescript
D:3:      nicolae_dithmenos_through_a_glass_darkly, uniq_iyjb

Skill      XL: |  1  2  3  4  5  6 |
---------------+-------------------+-----
Fighting       | 3 4 |  4.0
Bows           | 6 7 |  7.0
Polearms       | 2 3 |  3.0
Dodging        | |  1.3
Stealth        | |  0.4

Action                   |  1- 3 |  4- 6 || total
-------------------------+-------+-------++-------
Melee: Short sword       |   146 |       ||   146
       Kick              |    38 |    12 ||    50
       Rapier            |    51 |       ||    51
       Whip              |       |    22 ||    22
       Halberd           |       |    85 ||    85
 Fire: Shortbow          |     6 |       ||     6
Throw: Stone             |    22 |       ||    22
  Use: Potion            |       |     1 ||     1
  Eat: Chunk             |     4 |     4 ||     8
Armor: Leather armour    |    90 |    35 ||   125
Dodge: Dodged            |   144 |    45 ||   189
